 Dungeon Crawl Stone Soup version 0.29.1-13-g9f3cf754e1 (webtiles) character file.

Game seed: 16231867196846210284

2276 H0rd4k the Martial Artist (level 9, -4/57 (62) HPs)
             Began as an Octopode Artificer on Jan 23, 2023.
             Was an Initiate of Gozag.
             Slain by an unseen horror (11 damage)
             ... on level 7 of the Dungeon.
             The game lasted 00:07:02 (9221 turns).

H0rd4k the Martial Artist (Octopode Artificer)      Turns: 9221, Time: 00:07:02

HP:   -4/57 (62)    AC:  1    Str: 11    XL:     9   Next: 39%
MP:   16/16         EV: 13    Int: 17    God:    Gozag
Gold: 224           SH:  0    Dex: 13    Spells: 17/17 levels left

rFire   . . .      SeeInvis .     - Unarmed
rCold   . . .      Faith    .   (no shield)
rNeg    . . .      Spirit   .   (helmet restricted)
rPois   .          Reflect  .   (no amulet)
rElec   .          Harm     .   (no ring)
rCorr   .          Rampage  .   (no ring)
Will    .....                   (no ring)
Stlth   +++.......              (no ring)
HPRegen 0.19/turn               (no ring)
MPRegen 0.15/turn               (no ring)
                                (no ring)
                                (no ring)

@: drained
A: almost no armour, amphibious, 8 rings, camouflage 1, gelatinous body 1,
(nimble swimmer 1), tentacles
a: Renounce Religion, Potion Petition, Call Merchant, Bribe Branch


You were on level 7 of the Dungeon.
You worshipped Gozag.
Gozag was aware of your devotion.
You visited 2 branches of the dungeon, and saw 8 of its levels.

You collected 330 gold pieces.
You paid 106 gold pieces to Gozag.

Inventory:

Missiles
 a - 7 poisoned darts (quivered)
Wands
 b - a wand of flame (29)
 c - a wand of charming (12)
 d - a wand of light (1)
 y - a wand of roots (7)
Scrolls
 f - 2 scrolls of torment
 k - 5 scrolls of teleportation
 l - 2 scrolls of magic mapping
 m - a scroll of vulnerability
 n - 2 scrolls of silence
 p - 3 scrolls of enchant weapon
 t - 3 scrolls of amnesia
Potions
 g - a potion of heal wounds
 h - 3 potions of attraction
 j - 5 potions of mutation
 q - a potion of brilliance {unknown}
 s - a potion of flight {unknown}
 v - a potion of might {unknown}
 w - a potion of haste
 x - a potion of curing


   Skills:
 * Level 5.7 Fighting
 + Level 3.7 Throwing
 - Level 2.3 Dodging
 - Level 1.3 Stealth
 + Level 8.3 Unarmed Combat
 * Level 4.8 Spellcasting
 - Level 3.2 Evocations


You had 17 spell levels left.
You didn't know any spells.
Your spell library contained the following spells:

 Spells                   Type           Power      Damage    Failure   Level
 Summon Small Mammal      Summ           16%        N/A       14%         1
 Call Canine Familiar     Summ           4%         N/A       41%         3
 Summon Guardian Golem    Hex/Summ       4%         N/A       41%         3


Dungeon Overview and Level Annotations

Branches:
Dungeon (7/15)             Temple (1/1) D:7

Altars:
Ashenzari
Cheibriados
Dithmenos
Elyvilon
Gozag
Hepliaklqana
Kikubaaqudgha
Nemelex Xobeh
Okawaru
Qazlal
Ru
Sif Muna
Uskayaw
Vehumet
Wu Jian
Xom
Zin
The Shining One

Annotations:
D:4 exclusion: downstairs
D:6 3 runed translucent doors, exclusions: 3 doors and downstairs, duchin's ghost, novice MfIE


Innate Abilities, Weirdness & Mutations

You cannot wear most types of armour.
You are amphibious.
You can wear up to eight rings at the same time.
Your skin changes colour to match your surroundings (Stealth+).
Your rubbery body absorbs attacks. (AC +1, EV +1)
((You are camouflaged when in or above water. (Stealth+)))
You have tentacles for arms and can constrict up to eight enemies at once.


Message History

k - 5 scrolls of teleportation
As you read the scroll of identify, it crumbles to dust.
f - 2 scrolls of torment
As you read the scroll of identify, it crumbles to dust.
p - 3 scrolls of enchant weapon
As you read the scroll of identify, it crumbles to dust.
r - a scroll of noise
As you read the scroll of identify, it crumbles to dust.
t - 3 scrolls of amnesia
As you read the scroll labelled NYIPECV TUXAUCIA, it crumbles to dust.
It is a scroll of brand weapon.
You aren't carrying any weapons that can be branded.
Blink to where?
Press: ? - help, Dir - move target
As you read the scroll labelled JAEGETETANK, it crumbles to dust.
It was a scroll of blinking.
Okay, then.
Unknown command.
You drop 2 potions of degeneration.
You drop a scroll of noise.
There is a stone staircase leading down here.
You climb downwards.
There is a stone staircase leading up here.
There is an open door here.
Something hits you!
Deactivating autopickup; reactivate with Ctrl-A.
Something hits you. Something hits you! Something hits you. Something hits you!
* * * LOW HITPOINT WARNING * * *
You feel much better. Something hits you!
Something hits you but does no damage. Something hits you!
* * * LOW HITPOINT WARNING * * *
Something hits you!
* * * LOW HITPOINT WARNING * * *
Something hits you!
You die...
Your body crumbles into a pile of gold.

..............#####............#
........##..............)......#
........##.........#...#.#######
.............#......#.#.........
.............#.......>..........
########.....#......#.#.........
.............'.....#...#........
##########...#..................
#...###@####........... #...#
#.# #####....... #...# #.#
...... ##### #.# #### #.# #.#
#.# #.# #.#


There were no monsters in sight!

Vanquished Creatures
  Pikel (D:6)
  Sigmund (D:3)
  Menkaure (D:4)
  4 ogres
  2 lemures (D:6)
  A centaur (D:6)
  2 bullfrogs (D:7)
  A scorpion (D:5)
  A wight (D:7)
  A howler monkey (D:5)
  2 jellies
  5 hounds
  2 orc priests
  A gnoll bouda (D:5)
  Ijyb (D:5)
  Terence (D:3)
  3 iguanas
  An orc wizard (D:6)
  5 gnolls (D:5)
  11 adders
  A white imp (D:7)
  An ufetubus (D:6)
  3 dart slugs
  11 orcs
  3 bats (D:2)
  4 endoplasms
  5 giant cockroaches
  2 goblins
  7 hobgoblins
  A jackal (D:1)
  4 quokkas
  7 ball pythons
  A frilled lizard (D:1)
  5 kobolds
  2 rats
104 creatures vanquished.

Vanquished Creatures (collateral kills)
  A wight (D:7)
  Jessica (D:3)
  An orc wizard (D:4)
  An adder (D:3)
  2 goblins
  A quokka (D:3)
7 creatures vanquished.

Vanquished Creatures (others)
  A bullfrog (D:4)
  2 wights (D:7)
  An orc (D:4)
4 creatures vanquished.

Grand Total: 115 creatures vanquished

Notes
Turn   | Place    | Note
-------+----------+-------------------------------------------
     0 | D:1      | H0rd4k the Octopode Artificer began the quest for the Orb.
     0 | D:1      | Reached XP level 1. HP: 13/13 MP: 1/1
   613 | D:1      | Reached XP level 2. HP: 18/18 MP: 2/2
   698 | D:1      | You fall into a shaft and drop 1 floor!
  1144 | D:1      | Reached skill level 1 in Spellcasting
  1314 | D:2      | Found a faded altar of an unknown god.
  1325 | D:2      | Reached skill level 1 in Unarmed Combat
  1325 | D:2      | Reached XP level 3. HP: 19/24 MP: 4/4
  2267 | D:3      | Noticed Terence
  2280 | D:3      | Reached skill level 2 in Unarmed Combat
  2280 | D:3      | Reached XP level 4. HP: 27/29 MP: 6/6
  2528 | D:3      | Noticed Jessica
  2528 | D:3      | Noticed Sigmund
  2532 | D:3      | Killed Jessica
  2611 | D:3      | Killed Sigmund
  2612 | D:3      | Reached skill level 3 in Unarmed Combat
  2612 | D:3      | Reached XP level 5. HP: 36/36 MP: 6/9
  2612 | D:3      | Reached XP level 6. HP: 42/42 MP: 6/10
  2931 | D:3      | Killed Terence
  3724 | D:4      | Reached skill level 4 in Unarmed Combat
  4004 | D:4      | Reached XP level 7. HP: 47/47 MP: 11/11
  4013 | D:4      | Reached skill level 5 in Unarmed Combat
  4014 | D:4      | Noticed Menkaure
  4037 | D:4      | Killed Menkaure
  4988 | D:5      | Entered Level 5 of the Dungeon
  5012 | D:5      | Noticed Ijyb
  5020 | D:5      | Killed Ijyb
  5021 | D:5      | Reached XP level 8. HP: 31/54 MP: 13/13
  5188 | D:5      | Reached skill level 6 in Unarmed Combat
  5597 | D:5      | Reached skill level 1 in Throwing
  6316 | D:5      | Reached skill level 5 in Fighting
  6609 | D:6      | Found a hide-covered altar of Uskayaw.
  6609 | D:6      | Found a sparkling altar of Nemelex Xobeh.
  6609 | D:6      | Found a shimmering blue altar of Sif Muna.
  6858 | D:6      | Reached skill level 7 in Unarmed Combat
  7961 | D:6      | Found a runed translucent gate.
  7961 | D:6      | Found a runed translucent gate.
  7961 | D:6      | Found a runed translucent gate.
  7981 | D:6      | Noticed duchin's ghost (novice MfIE)
  8217 | D:6      | Noticed Pikel
  8227 | D:6      | Killed Pikel
  8228 | D:6      | Reached skill level 8 in Unarmed Combat
  8228 | D:6      | Reached XP level 9. HP: 60/61 MP: 15/15
  8325 | D:7      | Found a staircase to the Ecumenical Temple.
  8340 | Temple   | Entered the Ecumenical Temple
  8439 | Temple   | Became a worshipper of Gozag Ym Sagoz the Greedy
  8649 | D:7      | Noticed a rime drake
  8649 | D:7      | Found the +4 skin of Zhor {*Englaciate rC+++ SInv}
  8653 | D:7      | Noticed a rime drake
  8653 | D:7      | Noticed a rime drake
  8661 | D:7      | Noticed a rime drake
  9221 | D:7      | Slain by an unseen horror

Illustrated notes

Levels and vault maps discovered:
D:1:      roderic_crossed_star, layout_basic, st_stairs_1,
          minmay_splitting_lines, minmay_misc_feat_five, minivault_4,
          minmay_misc_feat_columns
D:2:      layout_loops_ring, ebering_ecumenical_altar_sacrificial
D:3:      minmay_skewed_foursquare, layout_loops_ring, dk_noncrumbling_2,
          uniq_terence, uniq_jessica, uniq_sigmund
D:4:      layout_basic, uniq_menkaure
D:5:      layout_cave_pods, chequers_serial_rivers_micro_b, uniq_ijyb
D:6:      layout_basic, nicolae_overflow_hidden_temple,
          gammafunk_ghost_nasty_kobolds, uniq_pikel
D:7:      layout_basic, lightli_temple_of_fire,
          mainiacjoe_overflow_large_starburst, minmay_temple_entry_crystal_x,
          nzn_ghost_randoct, hellmonk_guarded_unrand_zhor
Temple:   regret_index_temple_waves

Skill      XL: |  1  2  3  4  5  6  7  8 |
---------------+-------------------------+-----
Spellcasting   | 1 2 3 4 |  4.8
Fighting       | 2 3 4 5 |  5.7
Unarmed Combat | 1 2 3 4 5 8 |  8.3
Throwing       | 3 |  3.7
Dodging        | |  2.3
Stealth        | |  1.3
Evocations     | |  3.2

Action                   |  1- 3 |  4- 6 |  7- 9 || total
-------------------------+-------+-------+-------++-------
Melee: Unarmed           |    73 |    49 |   153 ||   275
       Tentacles         |    20 |     8 |    45 ||    73
       Constrict         |    21 |    14 |    34 ||    69
       Punch             |       |       |     8 ||     8
Throw: Dart              |     2 |       |    39 ||    41
Evoke: Wand              |     2 |    15 |    14 ||    31
  Use: Scroll            |       |       |    14 ||    14
       Potion            |       |       |     1 ||     1
 Stab: Sleeping          |    15 |     5 |     4 ||    24
       Invisible         |       |       |     2 ||     2
Armor: Skin              |     9 |     4 |     2 ||    15
Dodge: Dodged            |    38 |    27 |    94 ||   159
